 Dungeon Crawl Stone Soup version 0.19-a0-1341-g3513869 (webtiles) character file.

756 Leszczynek the Basher (level 7, 0/70 HPs)
             Began as an Ogre Monk on Sept 2, 2016.
             Slain by an elf zombie (5 damage)
             ... in an ossuary.
             The game lasted 00:11:11 (2764 turns).

Leszczynek the Basher (Ogre Monk)                   Turns: 2764, Time: 00:11:11

Health: 0/70       AC:  3    Str: 17    XL:     7   Next: 79%
Magic:  7/7        EV: 11    Int:  9    God:
Gold:   186        SH:  0    Dex: 14    Spells: 0 memorised, 6 levels left

rFire  . . .     SeeInvis +     a - +0 flail
rCold  . . .     Gourm    .     b - +0 robe
rNeg   . . .     Faith    .     (no shield)
rPois  .         Spirit   .     (helmet restricted)
rElec  .         Dismiss  .     (no cloak)
rCorr  .         Reflect  .     (gloves unavailable)
MR     .....     Harm     .     (boots unavailable)
Stlth  ++........               (no amulet)
                                (no ring)
                                f - ring of see invisible

@: no status effects
A: unfitting armour, tough skin 1
a: no special abilities


You were in an ossuary.
You were not hungry.

You visited 2 branches of the dungeon, and saw 7 of its levels.
You also visited: Ossuary.

You collected 186 gold pieces.

Inventory:

Hand Weapons
 a - a +0 flail (weapon)
Missiles
 d - 5 large rocks
 j - a throwing net (quivered)
Armour
 b - a +0 robe (worn)
 m - a +0 large shield
Jewellery
 f - a ring of see invisible (left hand)
Wands
 s - a wand of heal wounds (4/9)
Scrolls
 e - 4 scrolls of remove curse
 g - a scroll of magic mapping {unknown}
 o - a scroll of teleportation {unknown}
 p - 2 scrolls of amnesia {unknown}
 q - 3 scrolls of fog
Potions
 h - a potion of curing {unknown}
 i - 2 potions of heal wounds {unknown}
 k - a potion of magic
 r - a potion of brilliance
Comestibles
 c - 4 bread rations
 l - a meat ration
 n - a beef jerky


   Skills:
 - Level 4.0 Fighting
 + Level 11.4 Maces & Flails
 - Level 2.6 Dodging
 - Level 1.5 Stealth


You had 6 spell levels left.
You didn't know any spells.

Dungeon Overview and Level Annotations

Branches:
Dungeon (6/15)             Temple (1/1) D:5

Altars:
Cheibriados
Dithmenos
Elyvilon
Fedhas
Gozag
Hepliaklqana
Kikubaaqudgha
Nemelex Xobeh
Ru
Trog
Uskayaw
Vehumet
Yredelemnul
Zin

Annotations:
D:5 Dowan, Duvessa


Innate Abilities, Weirdness & Mutations

You are too large for most types of armour.
You have tough skin. (AC +1)


Message History

The elf zombie hits you but does no damage.
You barely miss the elf zombie.
The elf zombie is severely damaged.
You hit the elf zombie.
The elf zombie is severely damaged.
The elf zombie hits you.
* * * LOW HITPOINT WARNING * * *
You hit the elf zombie.
The elf zombie is severely damaged.
The elf zombie misses you.
You sock the elf zombie!
The elf zombie is almost destroyed.
You sock the elf zombie!
The elf zombie is almost destroyed.
The elf zombie hits you.
* * * LOW HITPOINT WARNING * * *
You closely miss the elf zombie.
The elf zombie is almost destroyed.
The elf zombie hits you.
You die...

#+# ###.### ##
##.....## ..##
#.......# ....#
##...∩...###.....#
+...∩∩∩...@Z......
##...∩...###.....#
#.......# ....#
##.....## ..##
###.### ## #+#


You could see an elf zombie.

Vanquished Creatures
  An ice beast (D:5)
  A sky beast (D:6)
  A centaur (D:5)
  An elf zombie (Ossuary)
  A killer bee (D:5)
  A hound (D:6)
  A centaur zombie (Ossuary)
  A human zombie (Ossuary)
  Terence (D:2)
  An iguana (D:5)
  An orc wizard (D:3)
  3 worker ants
  A mummy (Ossuary)
  9 adders
  An adder skeleton (D:5)
  A worm (D:3)
  2 dart slugs (D:2)
  3 giant geckos
  7 orcs
  A ball python (D:1)
  4 bats
  3 giant cockroaches
  5 hobgoblins
  4 kobolds
  2 quokkas
  A ball python skeleton (D:5)
  2 giant newts
  A jackal skeleton (D:3)
  6 rats
67 creatures vanquished.

Notes
Turn   | Place    | Note
-------+----------+-------------------------------------------
     0 | D:1      | Leszczynek the Ogre Monk began the quest for the Orb.
     0 | D:1      | Reached XP level 1. HP: 24/24 MP: 1/1
    99 | D:1      | Reached XP level 2. HP: 22/32 MP: 2/2
   201 | D:2      | Reached skill level 5 in Maces & Flails
   415 | D:2      | Reached XP level 3. HP: 37/39 MP: 3/3
   434 | D:2      | Found a hide-covered altar of Uskayaw.
   441 | D:2      | Noticed Terence
   468 | D:2      | Killed Terence
   468 | D:2      | Reached skill level 6 in Maces & Flails
   698 | D:3      | Reached XP level 4. HP: 30/48 MP: 4/4
  1072 | D:3      | Found a faded altar of an unknown god.
  1091 | D:3      | Reached skill level 7 in Maces & Flails
  1199 | D:3      | Reached XP level 5. HP: 15/54 MP: 5/5
  1656 | D:4      | Reached skill level 8 in Maces & Flails
  1736 | D:5      | Entered Level 5 of the Dungeon
  1736 | D:5      | Noticed a centaur
  1742 | D:5      | Noticed Duvessa
  1747 | D:5      | Killed a centaur
  1747 | D:5      | Reached XP level 6. HP: 25/62 MP: 6/6
  1748 | D:5      | Noticed Dowan
  1975 | D:5      | Noticed an ice beast
  1999 | D:5      | Killed an ice beast
  1999 | D:5      | Reached skill level 9 in Maces & Flails
  2022 | D:5      | Found a staircase to the Ecumenical Temple.
  2039 | Temple   | Entered the Ecumenical Temple
  2128 | D:5      | Noticed an orc warrior
  2294 | D:5      | Reached skill level 10 in Maces & Flails
  2294 | D:5      | Reached XP level 7. HP: 25/70 MP: 7/7
  2524 | D:6      | Found a sand-covered staircase.
  2688 | Ossuary  | Entered an ossuary
  2702 | Ossuary  | Reached skill level 11 in Maces & Flails
  2746 | Ossuary  | HP: 3/70 [elf zombie (6)]
  2763 | Ossuary  | HP: 5/70 [elf zombie (3)]
  2764 | Ossuary  | Slain by an elf zombie

Vault maps used:
D:1:      onia_arrival_handbag
D:2:      lemuel_round_altar, uniq_terence
D:3:      first_bread, ecumenical_altar_2
D:4:      kennysheep_mini_moat, gammafunk_temple_overflow_wave,
          hangedman_abyss_or_decor_lesser_grid
D:5:      kennysheep_windowed_halls, uniq_duvessa
D:6:      chequers_ossuary_entry_cave, kennysheep_slug_shrine,
          uniq_prince_ribbit1
Temple:   cyrus_circular_temple
Ossuary:  ossuary_minmay_four_chambers

Skill      XL: |  1  2  3  4  5  6  7 |
---------------+----------------------+-----
Maces & Flails | 5 6 7 8 10 11 | 11.4
Fighting       | |  4.0
Dodging        | |  2.6
Stealth        | |  1.5

Action                   |  1- 3 |  4- 6 |  7- 9 || total
-------------------------+-------+-------+-------++-------
Melee: Mace              |    80 |    25 |       ||   105
       Flail             |       |   132 |    94 ||   226
Evoke: Wand              |       |     2 |     1 ||     3
  Use: Scroll            |     3 |     1 |       ||     4
       Potion            |     2 |     2 |       ||     4
 Stab: Sleeping          |     2 |     3 |       ||     5
  Eat: Chunk             |       |     8 |     2 ||    10
Armor: Robe              |    20 |    42 |    12 ||    74
       Skin              |    13 |       |       ||    13
Dodge: Dodged            |    36 |    77 |    26 ||   139
